 Dungeon Crawl Stone Soup version 0.32-a0-361-g289a535e89 (webtiles) character file.

Game seed: 7018645260353489145

2151 pokeman the Thaumaturge (level 9, -1/49 HPs)
             Began as a Deep Elf Hedge Wizard on Feb 18, 2024.
             Was a Believer of Vehumet.
             Slain by Maggie
             ... wielding a +0 war axe
              (10 damage)
             ... while paralysed by Maggie
             ... on level 7 of the Dungeon.
             The game lasted 00:15:34 (7486 turns).

pokeman the Thaumaturge (Deep Elf Hedge Wizard)     Turns: 7486, Time: 00:15:34

Health: -1/49      AC:  4    Str:  7    XL:     9   Next: 10%
Magic:  15/26      EV:  2    Int: 24    God:    Vehumet [**....]
Gold:   233        SH:  0    Dex: 14    Spells: 17/30 levels left

rFire   . . .        z - +2 dagger (vamp)
rCold   . . .        (no shield)
rNeg    . . .        b - +0 robe
rPois   .            A - +0 helmet
rElec   .            (no cloak)
rCorr   .            g - +0 pair of gloves
SInv    +            (no boots)
Will    .....        (no amulet)
Stlth   ++           h - ring of see invisible
HPRegen 0.28/turn    r - +5 ring of evasion
MPRegen 0.20/turn

%: no passive effects
@: paralysed, invisible
A: no striking features
a: Renounce Religion


You were on level 7 of the Dungeon.
You worshipped Vehumet.
Vehumet was pleased with you.
You visited 1 branch of the dungeon, and saw 7 of its levels.

You collected 401 gold pieces.
You spent 168 gold pieces at shops.

Inventory:

Hand Weapons
 z - a +2 vampiric dagger (weapon)
Armour
 b - a +0 robe (worn)
 g - a +0 pair of gloves (worn)
 w - an orb of energy
 A - a +0 helmet (worn)
Jewellery
 h - a ring of see invisible (left hand)
 r - a +5 ring of evasion (right hand)
 x - an amulet of guardian spirit
 D - a ring of willpower
Wands
 l - a wand of paralysis (11)
Scrolls
 c - 2 scrolls of teleportation
 j - 13 scrolls of identify
 k - 2 scrolls of enchant armour {unknown}
 m - 4 scrolls of enchant weapon {unknown}
 o - a scroll of blinking {unknown}
 p - a scroll of revelation {unknown}
 q - a scroll of immolation {unknown}
 u - a scroll of brand weapon {unknown}
 v - a scroll of silence {unknown}
 y - 2 scrolls of noise
 B - a scroll of fog {unknown}
 C - a scroll of amnesia {unknown}
 G - a scroll of vulnerability {unknown}
Potions
 a - a potion of cancellation {unknown}
 d - 2 potions of magic
 e - 2 potions of brilliance {unknown}
 f - 2 potions of invisibility
 i - a potion of mutation {unknown}
 n - a potion of might {unknown}
 s - a potion of degeneration {unknown}
 t - 3 potions of curing {unknown}
 E - a potion of ambrosia {unknown}
 F - a potion of heal wounds {unknown}
 H - a potion of lignification {unknown}


   Skills:
 + Level 2.8 Fighting
 - Level 3.0 Armour
 - Level 3.0 Dodging
 - Level 3.0 Stealth
 * Level 11.2 Spellcasting
 + Level 6.0 Conjurations
 - Level 1.1 Summonings
 - Level 1.1 Translocations
 + Level 3.9 Air Magic
 - Level 1.1 Alchemy
 - Level 1.0 Evocations


You had 17 spell levels left.
You knew the following spells:

 Your Spells              Type           Power      Damage    Failure   Level
a - Magic Dart            Conj           100%       1d8       1%          1
b - Mephitic Cloud        Conj/Alch/Air  31%        N/A       3%          3
c - Call Imp              Summ           36%        N/A       4%          2
d - Blink                 Tloc           36%        N/A       4%          2
e - Shock                 Conj/Air       100%       1d9       1%          1
f - Airstrike             Air            16%        2d(3-19)  9%          4

Your spell library contained the following spells:

 Spells                   Type           Power      Damage    Failure   Level
 Stone Arrow              Conj/Erth      56%        3d10      4%          3
 Swiftness                Air            32%        N/A       2%          3
 Cigotuvi's Dreadful Rot  Necr/Alch/Air  42%        N/A       3%          2
 Slow                     Hex            52%        N/A       4%          1
 Dazzling Flash           Conj/Hex       56%        N/A       4%          3
 Gell's Gravitas          Tloc           18%        N/A       9%          3
 Teleport Other           Tloc           18%        N/A       9%          3
 Silence                  Hex/Air        11%        N/A       50%         5
 Curse of Agony           Necr           13%        N/A       78%         5
 Dispersal                Tloc           9%         N/A       99%         6


Dungeon Overview and Level Annotations

Branches:
Dungeon (7/15)             Temple (0/1) D:6

Altars:
Ashenzari
Trog
Vehumet
Wu Jian

Shops:
D:5 ?

Annotations:
D:4 1 runed translucent door, Azoth's ghost, amateur DrFi
D:7 Joseph; Maggie


Message History

The sky beast is engulfed in noxious fumes.
The sky beast appears confused.
Maggie gestures at you while chanting.
The bolt of fire hits the sky beast!!
The sky beast dies!
The bolt of fire hits you!!
Ouch! That really hurt!
You are engulfed in noxious fumes.
You choke on the stench!
You are more confused.
Maggie gestures at you while chanting. The bolt of fire misses you.
You are engulfed in noxious fumes.
You are engulfed in noxious fumes.
You choke on the stench!
You are more confused.
Maggie zaps a wand.
You suddenly lose the ability to move!
You are engulfed in noxious fumes.
You choke on the stench!
You are more confused.
You are engulfed in noxious fumes.
You choke on the stench!
You are more confused.
You can move again.
You bump into the rock wall.
You are engulfed in noxious fumes.
You choke on the stench!
You are more confused.
Maggie casts a spell at you. The bolt of fire hits you!
* * * LOW HITPOINT WARNING * * *
Unknown command.
You break out of your daze.
You bump into the rock wall.
You're too confused to cast spells.
You bump into the rock wall.
Maggie closely misses you.
It was a potion of invisibility.
You fade into invisibility!
Maggie zaps a wand.
You easily resist.
You bump into the rock wall.
Maggie completely misses you.
You bump into the rock wall.
Maggie zaps a wand.
You suddenly lose the ability to move!
You feel less confused. Maggie hits you with a +0 war axe!
You die...

# .Y #.###
########......
###..@@.†..#
##...########
##..###
#.###..###
#....>...#
########.######
#......#
######.#####
#.....#


You could see Maggie (unable to see you).

Vanquished Creatures
  A steam dragon (D:6)
  Edmund (D:6)
  Duvessa (D:6)
  2 water moccasins
  An ogre (D:6)
  3 phantoms
  A bullfrog (D:7)
  2 scorpions
  Dowan (D:6)
  2 bombardier beetles
  3 hounds
  A gnoll bouda (D:6)
  A jelly (D:7)
  2 orc priests
  An iguana (D:5)
  Natasha (thrice) (D:2)
  8 orc wizards
  3 gnolls (D:6)
  12 adders
  3 shadow imps
  4 ufetubi
  5 dart slugs
  A ribbon worm (D:5)
  24 orcs
  12 ball pythons
  5 bats
  4 endoplasms
  2 giant cockroaches
  5 goblins
  5 hobgoblins
  4 quokkas
  A frilled lizard (D:2)
  4 kobolds
  7 rats
135 creatures vanquished.

Vanquished Creatures (collateral kills)
  4 ribbon worms
  An orc (D:4)
  2 giant cockroaches
  A rat (D:3)
8 creatures vanquished.

Vanquished Creatures (others)
  A sky beast (D:7)
1 creature vanquished.

Grand Total: 144 creatures vanquished

Notes
Turn   | Place    | Note
-------+----------+-------------------------------------------
     0 | D:1      | pokeman the Deep Elf Hedge Wizard began the quest for the
                  | Orb.
     0 | D:1      | Reached XP level 1. HP: 10/10 MP: 7/7
    79 | D:1      | Reached XP level 2. HP: 15/15 MP: 1/9
   490 | D:1      | Reached skill level 5 in Spellcasting
   722 | D:1      | Reached XP level 3. HP: 20/20 MP: 7/11
   726 | D:1      | Learned a level 3 spell: Mephitic Cloud
   729 | D:1      | Learned a level 2 spell: Call Imp
   732 | D:1      | Learned a level 2 spell: Blink
  1195 | D:2      | Reached skill level 1 in Fighting
  1308 | D:2      | Reached skill level 1 in Armour
  1583 | D:2      | Noticed Natasha
  1590 | D:2      | Killed Natasha
  1591 | D:2      | Reached XP level 4. HP: 18/25 MP: 3/13
  2017 | D:2      | Reached skill level 6 in Spellcasting
  2244 | D:2      | Reached XP level 5. HP: 29/29 MP: 11/15
  2603 | D:2      | Noticed Natasha
  2614 | D:2      | Killed Natasha
  2634 | D:2      | Noticed Natasha
  2781 | D:2      | Killed Natasha
  2782 | D:2      | Reached skill level 1 in Air Magic
  2782 | D:2      | Reached skill level 1 in Alchemy
  3000 | D:3      | Reached skill level 1 in Evocations
  3068 | D:3      | Reached XP level 6. HP: 34/34 MP: 14/17
  3255 | D:3      | Found a radiant altar of Vehumet.
  3266 | D:3      | Became a worshipper of Vehumet
  3383 | D:3      | Found a broken altar of Ashenzari.
  3730 | D:4      | Reached skill level 7 in Spellcasting
  4202 | D:4      | Reached * piety under Vehumet
  4202 | D:4      | Offered knowledge of Kiss of Death by Vehumet.
  4324 | D:4      | Reached XP level 7. HP: 39/39 MP: 7/20
  4452 | D:4      | Noticed Azoth's ghost (amateur DrFi)
  4465 | D:4      | Found a runed translucent door.
  4794 | D:4      | Found an ornate altar of the Wu Jian Council.
  4889 | D:5      | Entered Level 5 of the Dungeon
  4999 | D:5      | Reached skill level 8 in Spellcasting
  5180 | D:5      | Found Japtulon's Magic Scroll Shoppe.
  5212 | D:5      | Bought a scroll of identify for 28 gold pieces
  5212 | D:5      | Bought a scroll of identify for 28 gold pieces
  5212 | D:5      | Bought a scroll of noise for 14 gold pieces
  5212 | D:5      | Bought a scroll of identify for 28 gold pieces
  5212 | D:5      | Bought a scroll of identify for 28 gold pieces
  5212 | D:5      | Bought a scroll of teleportation for 42 gold pieces
  5598 | D:5      | Reached ** piety under Vehumet
  5598 | D:5      | Offered knowledge of Sting by Vehumet.
  5643 | D:5      | Reached skill level 9 in Spellcasting
  5679 | D:5      | Learned a level 1 spell: Shock
  6128 | D:6      | Noticed Edmund
  6146 | D:6      | Killed Edmund
  6147 | D:6      | Reached XP level 8. HP: 44/44 MP: 12/23
  6168 | D:6      | Reached skill level 5 in Conjurations
  6176 | D:6      | Learned a level 4 spell: Airstrike
  6272 | D:6      | Reached skill level 10 in Spellcasting
  6977 | D:6      | Found a staircase to the Ecumenical Temple.
  6991 | D:6      | Noticed Dowan
  6995 | D:6      | Noticed Duvessa
  7001 | D:6      | Killed Dowan
  7009 | D:6      | Killed Duvessa
  7177 | D:6      | Found a bloodstained altar of Trog.
  7450 | D:7      | Noticed Joseph
  7458 | D:7      | Offered knowledge of Stone Arrow by Vehumet.
  7459 | D:7      | Reached skill level 11 in Spellcasting
  7459 | D:7      | Reached XP level 9. HP: 49/49 MP: 19/26
  7468 | D:7      | Noticed Maggie
  7476 | D:7      | Paralysed by Maggie for 3 turns
  7485 | D:7      | Paralysed by Maggie for 3 turns
  7486 | D:7      | Slain by Maggie

Illustrated notes

Levels and vault maps discovered:
D:1:      wheals_arrival_shading, layout_basic
D:2:      layout_basic, minmay_snake_closets, uniq_natasha
D:3:      layout_basic, nicolae_vehumet_altar_sigil,
          ashenzari_conservatory_becter
D:4:      layout_basic, nzn_wu_jian_council_hall, hellmonk_ghost_happy_afterlife
D:5:      layout_cave_pools, serial_shops, shop
D:6:      layout_loops_ring, lightli_temple_of_fire,
          minmay_temple_entry_overgrown, kennysheep_flooded_box,
          serial_library_hellmonk_layered_room, uniq_edmund, uniq_duvessa
D:7:      layout_basic, uniq_joseph, uniq_maggie

Skill      XL: |  1  2  3  4  5  6  7  8  9 |
---------------+----------------------------+-----
Spellcasting   | 5 6 7 9 11 | 11.2
Fighting       | 1 2 |  2.8
Armour         | 1 2 3 |  3.0
Conjurations   | 2 3 4 5 6 |  6.0
Dodging        | 3 |  3.0
Stealth        | 3 |  3.0
Air Magic      | 1 3 |  3.9
Alchemy        | 1 |  1.1
Evocations     | 1 |  1.0
Summonings     | |  1.1
Translocations | |  1.1

Action                     |  1- 3 |  4- 6 |  7- 9 || total
---------------------------+-------+-------+-------++-------
  Melee: Dagger            |     7 |    66 |    42 ||   115
   Cast: Magic Dart        |    64 |   143 |    86 ||   293
         Mephitic Cloud    |     2 |    12 |    14 ||    28
         Call Imp          |     1 |     7 |     4 ||    12
         Shock             |       |       |   118 ||   118
         Blink             |       |       |     1 ||     1
    Use: Potion            |       |       |     1 ||     1
   Stab: Confused          |     1 |     3 |     8 ||    12
         Sleeping          |       |     1 |       ||     1
 Armour: Robe              |     8 |    37 |    43 ||    88
  Dodge: Dodged            |     5 |    53 |    99 ||   157

Table legend: (Time is in decaauts)
 A = Elapsed time spent in this place.
 B = Non-inter-level travel time spent in this place.
 C = Inter-level travel time spent in this place.
 D = Time resting spent in this place.
 E = Time spent auto-exploring this place.
 F = Levels seen in this place.
 G = Mean time per level.
                   A        B        C        D        E       F      G
               +--------+--------+--------+--------+--------+-----+--------+
         Total |   7483 |   7261 |    222 |    224 |   5837 |   7 | 1069.0 |
       Dungeon |   7483 |   7261 |    222 |    224 |   5837 |   7 | 1069.0 |
               +--------+--------+--------+--------+--------+-----+--------+

Top non-repeatable levels by time:
     D:2: 1829 daAuts
     D:4: 1222 daAuts
     D:5: 1161 daAuts
     D:6: 1157 daAuts
     D:1: 1060 daAuts
     D:3: 824 daAuts
     D:7: 227 daAuts
